 Dungeon Crawl Stone Soup version 0.22-a0-284-g99d1f74 (webtiles) character file.

925 kidcy the Skirmisher (level 7, -3/56 HPs)
             Began as a Demonspawn Fighter on Mar 21, 2018.
             Was a Follower of Makhleb.
             Slain by a two-headed ogre
             ... wielding a +0 giant club
              (12 damage)
             ... on level 8 of the Dungeon.
             The game lasted 00:07:46 (4941 turns).

kidcy the Skirmisher (Demonspawn Fighter)           Turns: 4941, Time: 00:07:46

Health: -3/56      AC:  9    Str: 18    XL:     7   Next: 84%
Magic:  7/7        EV:  9    Int: 10    God:    Makhleb [*.....]
Gold:   211        SH:  0    Dex: 12    Spells: 6/6 levels left

rFire    . . .     SeeInvis .     - Unarmed
rCold    . . .     Gourm    .   (no shield)
rNeg     . . .     Faith    .   b - +0 scale mail
rPois    +         Spirit   .   (no helmet)
rElec    .         Reflect  .   (no cloak)
rCorr    .         Harm     .   (no gloves)
MR       .....                  (no boots)
Stlth    ..........             (no amulet)
HPRegen  0.18/turn              j - ring of poison resistance
MPRegen  0.10/turn              (no ring)

@: no status effects
A: talons 2, iridescent scales 1, spiny 1
a: Renounce Religion


You were on level 8 of the Dungeon.
You worshipped Makhleb.
Makhleb was aware of your devotion.
You were hungry.

You visited 1 branch of the dungeon, and saw 6 of its levels.

You collected 211 gold pieces.

Inventory:

Hand Weapons
 a - a +0 long sword
Armour
 b - a +0 scale mail (worn)
 c - a +0 shield
Magical Staves
 u - an uncursed staff of conjuration {unknown}
Jewellery
 j - a ring of poison resistance (left hand)
Scrolls
 h - 8 scrolls of identify {unknown}
 i - 3 scrolls of teleportation {unknown}
 k - 4 scrolls of remove curse {unknown}
 l - 2 scrolls of fear {unknown}
 o - a scroll of enchant armour {unknown}
 q - a scroll of blinking {unknown}
 t - a scroll of magic mapping {unknown}
Potions
 d - 3 potions of might
 e - 2 potions of curing
 g - 4 potions of magic {unknown}
 m - a potion of degeneration {unknown}
 n - a potion of haste {unknown}
 p - 2 potions of heal wounds {unknown}
 r - a potion of brilliance {unknown}
 s - a potion of ambrosia {unknown}
Comestibles
 f - 7 rations
 v - 2 chunks of flesh


   Skills:
 + Level 5.3 Fighting
 - Level 2.4 Long Blades
 + Level 4.8 Armour
 - Level 2.9 Shields
 * Level 5.2 Unarmed Combat


You had 6 spell levels left.
You didn't know any spells.

Dungeon Overview and Level Annotations

Branches:
Dungeon (5/15)
 Temple: D:4-7

Altars:
Makhleb
Uskayaw
Wu Jian


Innate Abilities, Weirdness & Mutations

You have razor-sharp toenails.
You are partially covered in iridescent scales. (AC +2)
You are partially covered in sharp spines.


Message History

The two-headed ogre is struck by your spines.
The two-headed ogre hits you with a giant club! x2
The kobold throws a stone.
The stone hits you but does no damage.
Things that are here:
a stone; a whip; a kobold corpse
Items here: ))) †† a dagger; a short sword; a dagger; a kobold corpse x2
Found a stone staircase leading down.
There is a stone staircase leading down here.
You are feeling hungry.
A big kobold comes into view.
The big kobold hits you.
Items here: ))) †† a dagger; a short sword; a dagger; a kobold corpse x2
The two-headed ogre is struck by your spines.
The two-headed ogre hits you with a giant club!!
Ouch! That really hurt!
* * * LOW HITPOINT WARNING * * *
The two-headed ogre hits you with a giant club!
You die...

############
#...K......#
#.########.#
#.# #@# #.#
#O# #.# ##K##
#.#
####K(.##.###
#.#
#............
#.#
#.##...##.)..
#.# #.###.##
### #K# #K#
#.# #.# #.#
#.#


You could see a two-headed ogre, a big kobold and a kobold.

Vanquished Creatures
  The ghost of zero the Covert, an amateur SpEn (D:4)
  An ice beast (D:5)
  A sky beast (D:3)
  2 ogres
  A scorpion (D:4)
  2 orc wizards (D:3)
  A bullfrog skeleton (D:5)
  2 iguanas
  3 worker ants (D:4)
  A hound zombie (D:5)
  3 gnolls (D:4)
  8 adders
  An ooze (D:4)
  An adder skeleton (D:4)
  3 worms
  A dart slug (D:1)
  10 orcs
  6 giant cockroaches
  5 goblins (D:1)
  7 hobgoblins
  11 jackals
  2 quokkas
  4 bats
  3 frilled lizards
  10 kobolds
  A leopard gecko skeleton (D:5)
  10 rats
101 creatures vanquished.

Notes
Turn   | Place    | Note
-------+----------+-------------------------------------------
     0 | D:1      | kidcy the Demonspawn Fighter began the quest for the Orb.
     0 | D:1      | Reached XP level 1. HP: 18/18 MP: 1/1
    89 | D:1      | Gained mutation: You have sharp toenails. [demonic ancestry]
    89 | D:1      | Reached XP level 2. HP: 24/24 MP: 2/2
   698 | D:2      | Gained mutation: You are partially covered in sharp spines. [demonic ancestry]
   698 | D:2      | Reached XP level 3. HP: 26/29 MP: 3/3
  1194 | D:2      | Reached skill level 1 in Unarmed Combat
  1587 | D:2      | You fall through a shaft for 2 floors!
  1588 | D:4      | Found an ornate altar of the Wu Jian Council.
  1636 | D:4      | Reached XP level 4. HP: 11/36 MP: 4/4
  2458 | D:3      | Found a hide-covered altar of Uskayaw.
  2458 | D:3      | Noticed a hand axe
  2459 | D:3      | Noticed a dagger
  2468 | D:3      | Gained mutation: You are partially covered in iridescent scales. (AC +2) [demonic ancestry]
  2468 | D:3      | Reached XP level 5. HP: 40/42 MP: 5/5
  3073 | D:3      | Noticed a sky beast
  3088 | D:3      | Killed a sky beast
  3088 | D:3      | Reached XP level 6. HP: 32/48 MP: 6/6
  3274 | D:3      | Found a burning altar of Makhleb.
  3282 | D:3      | Became a worshipper of Makhleb the Destroyer
  3721 | D:4      | Noticed zero's ghost (amateur SpEn)
  3733 | D:4      | Killed zero's ghost
  3733 | D:4      | Gained mutation: You have razor-sharp toenails. [demonic ancestry]
  3733 | D:4      | Reached XP level 7. HP: 41/55 MP: 7/7
  4273 | D:5      | Entered Level 5 of the Dungeon
  4341 | D:5      | Reached skill level 5 in Fighting
  4667 | D:5      | Reached skill level 5 in Unarmed Combat
  4770 | D:5      | Reached * piety under Makhleb
  4874 | D:5      | You fall through a shaft for 3 floors!
  4900 | D:8      | Noticed a two-headed ogre
  4941 | D:8      | Slain by a two-headed ogre

Vault maps used:
D:1:      lemuel_arrival_behind_the_door_large, minmay_pentomino_t2
D:3:      dancing_weapons_uskayaw, lemuel_crystal_altar, first_ration,
          minmay_misc_feat_enclosed, small_statue_intersection,
          supply_closet_lemuel
D:4:      nicolae_overflow_crystal_walls, grunt_ministairs_10
D:8:      erik_lair_orcish_takeover, serial_shops, shop, uniq_grum

Skill      XL: |  1  2  3  4  5  6  7 |
---------------+----------------------+-----
Long Blades    | 2 |  2.4
Armour         | 3 4 |  4.8
Unarmed Combat | 1 2 3 4 5 |  5.2
Fighting       | 4 5 |  5.3
Shields        | |  2.9

Action                   |  1- 3 |  4- 6 |  7- 9 || total
-------------------------+-------+-------+-------++-------
Melee: Long sword        |    55 |       |       ||    55
       Kick              |    24 |    38 |    21 ||    83
       Unarmed           |    70 |   137 |    54 ||   261
       Punch             |       |     1 |       ||     1
  Use: Potion            |     1 |       |       ||     1
  Eat: Chunk             |     2 |     4 |     3 ||     9
       Ration            |       |     1 |       ||     1
Armor: Scale mail        |    47 |    46 |     9 ||   102
Dodge: Dodged            |    40 |    50 |    23 ||   113
Block: Shield            |    28 |       |       ||    28
       Rpst.: Long sword |     9 |       |       ||     9

Table legend:
 A = Spawn XP
 B = Non-spawn XP
 C = Spawn XP percentage of total XP
 D = Spawn monster count
 E = Non-spawn monster count
 F = Spawn count percentage of total count
 G = Total turns spent on level
                    A         B        C        D         E        F      G
               +---------+---------+-------+---------+---------+-------+---------
         Total |       0 |    1322 |   0.0 |       0 |     101 |   0.0 |  4941
               +---------+---------+-------+---------+---------+-------+---------
           D:1 |       0 |      38 |   0.0 |       0 |      22 |   0.0 |   668
           D:2 |       0 |      53 |   0.0 |       0 |      15 |   0.0 |  1201
           D:3 |       0 |     319 |   0.0 |       0 |      30 |   0.0 |  1237
           D:4 |       0 |     542 |   0.0 |       0 |      18 |   0.0 |  1167
           D:5 |       0 |     364 |   0.0 |       0 |      12 |   0.0 |   601
           D:8 |       0 |       6 |   0.0 |       0 |       4 |   0.0 |    67
               +---------+---------+-------+---------+---------+-------+---------
